 Dungeon Crawl Stone Soup version 0.23-a0-890-gc183402 (webtiles) character file.

Game seed: 4395042811034609107

138814 Mgcat the Severer (level 17, -6/154 HPs)
             Began as a Naga Fighter on Jan 28, 2019.
             Was the Champion of Cheibriados.
             Mangled by a shock serpent (12 damage)
             ... on level 2 of the Snake Pit.
             The game lasted 00:59:49 (27670 turns).

Mgcat the Severer (Naga Fighter)                   Turns: 27670, Time: 00:59:49

Health: -6/154     AC: 29    Str: 39    XL:     17   Next: 27%
Magic:  18/26      EV:  4    Int: 28    God:    Cheibriados [******]
Gold:   1468       SH: 15    Dex: 25    Spells: 23/27 levels left

rFire    + + .     SeeInvis +   b - +2 war axe (elec)
rCold    + + .     Gourm    .   c - +0 shield
rNeg     . . .     Faith    .   J - +0 gold dragon scales
rPois    +         Spirit   .   P - +2 hat {MR+}
rElec    .         Reflect  .   p - scarf {rC+ rF+}
rCorr    .         Harm     .   M - +0 pair of gloves
MR       +++..                  k - +3 naga barding
Stlth    ..........             L - amulet of the acrobat
HPRegen  0.35/turn              F - +2 ring of intelligence
MPRegen  0.20/turn              d - ring of wizardry {Wiz+, !d}

@: constricted, very slow
A: large, see invisible, deformed body, poison resistance, slowness 2, slow
metabolism 1, spit poison 1, constrict 1, AC +5
a: Spit Poison, Bend Time, Temporal Distortion, Slouch, Step From Time, Renounce
Religion


You were on level 2 of the Snake Pit.
You worshipped Cheibriados.
Cheibriados was exalted by your worship.
You were not hungry.

You visited 5 branches of the dungeon, and saw 26 of its levels.

You collected 2748 gold pieces.
You spent 1280 gold pieces at shops.

Inventory:

Hand Weapons
 b - a +2 war axe of electrocution (weapon)
   (You took it off an orc warrior on level 1 of the Orcish Mines)
 O - a +0 broad axe
   (You found it on level 12 of the Dungeon)
Missiles
 m - a throwing net {=f, !d}
Armour
 c - a +0 shield (worn)
 k - a +3 naga barding (worn)
   (You found it on level 1 of the Dungeon)
 p - a scarf of resistance (worn)
   (You found it on level 1 of the Snake Pit)
 y - a scarf of spirit shield
   (You found it on level 15 of the Dungeon)
 J - +0 gold dragon scales (worn)
   (You bought it in a shop on level 1 of the Snake Pit)
 M - a +0 pair of gloves (worn)
   (You found it on level 1 of the Lair of Beasts)
 P - a +2 hat of magic resistance (worn)
   (You took it off Gastronok on level 1 of the Lair of Beasts)
Magical Staves
 S - an uncursed staff of wizardry {wiz+, !a}
   (You found it on level 6 of the Lair of Beasts)
Jewellery
 d - a ring of wizardry (right hand) {Wiz+, !d}
   (You found it on level 2 of the Lair of Beasts)
 u - an uncursed ring of protection from magic {MR+, !d}
   (You found it on level 3 of the Lair of Beasts)
 A - an uncursed ring of resist corrosion
   (You found it on level 3 of the Lair of Beasts)
 E - an uncursed ring of positive energy {rN+}
   (You found it on level 9 of the Dungeon)
 F - a +2 ring of intelligence (left hand)
   (You found it on level 14 of the Dungeon)
 L - an amulet of the acrobat (around neck)
   (You found it on level 1 of the Lair of Beasts)
Wands
 h - a wand of iceblast (1)
   (You took it off Pikel on level 7 of the Dungeon)
 B - a wand of digging (12)
   (You found it on level 3 of the Lair of Beasts)
 R - a wand of disintegration (7)
   (You found it on level 6 of the Lair of Beasts)
Scrolls
 n - 7 scrolls of remove curse
 o - 2 scrolls of fear
 r - 16 scrolls of teleportation
 s - 5 scrolls of fog
 t - 8 scrolls of identify
 z - 3 scrolls of magic mapping {!r}
 H - a scroll of silence
 K - 6 scrolls of blinking {!r}
 N - a scroll of enchant weapon
Potions
 e - 5 potions of brilliance
 i - 2 potions of heal wounds
 j - 4 potions of agility
 l - 14 potions of curing
 q - 2 potions of lignification {!q}
 v - 5 potions of flight
 x - 2 potions of resistance
 C - 2 potions of mutation {!q}
 D - a potion of magic
 I - a potion of invisibility
 Q - 2 potions of might
Miscellaneous
 a - a box of beasts
 g - a sack of spiders
 w - a fan of gales
   (You found it on level 13 of the Dungeon)
Comestibles
 f - 50 rations


   Skills:
 + Level 10.5 Fighting
 + Level 16.9(17.0) Axes
   Level 3.0(11.8) Maces & Flails
 - Level 10.0 Armour
 - Level 5.0 Dodging
 - Level 10.0 Shields
 + Level 5.6 Spellcasting
 + Level 5.7 Summonings
 + Level 5.7 Air Magic
 - Level 12.0 Invocations
 - Level 5.0 Evocations


You had 23 spell levels left.
You knew the following spells:

 Your Spells              Type           Power        Failure   Level  Hunger
a - Summon Lightning Spi  Summ/Air       #####...     28%         4    ###....

Your spell library contained the following spells:

 Spells                   Type           Power        Failure   Level  Hunger
 Summon Butterflies       Summ           #####...     3%          1    None
 Summon Small Mammal      Summ           ####         3%          1    None
 Call Imp                 Summ           #####...     4%          2    None
 Call Canine Familiar     Summ           #####...     9%          3    None
 Summon Guardian Golem    Hex/Summ       ###.....     28%         3    None
 Sandblast                Erth           #.....       32%         1    None
 Passwall                 Tmut/Erth      #.......     43%         2    None
 Stone Arrow              Conj/Erth      #.....       65%         3    None
 Summon Ice Beast         Ice/Summ       ###.....     65%         4    ###....
 Silence                  Hex/Air        ###.......   92%         5    #####..
 Summon Mana Viper        Hex/Summ       ###.....     92%         5    #####..
 Petrify                  Tmut/Erth      #.......     95%         4    ###....
 Lee's Rapid Deconstruct  Erth           #.........   100%        5    #####..
 Conjure Ball Lightning   Conj/Air       ###.......   100%        6    ######.
 Deflect Missiles         Chrm/Air       ###.......   100%        6    ######.
 Summon Hydra             Summ           #####.....   100%        7    #######
 Tornado                  Air            #####.....   100%        9    #######


Dungeon Overview and Level Annotations

Branches:
Dungeon (15/15)            Temple (1/1) D:5            Lair (6/6) D:11
 Shoals (0/4) Lair:2        Snake (2/4) Lair:4        Slime (0/5) Lair:6
    Orc (2/2) D:12            Elf (0/3) Orc:2        Vaults (0/5) D:13
 Depths (0/5) D:15

Altars:
Ashenzari
Cheibriados
Dithmenos
Elyvilon
Fedhas
Gozag
Hepliaklqana
Kikubaaqudgha
Makhleb
Nemelex Xobeh
Okawaru
Qazlal
Ru
Uskayaw
Vehumet
Wu Jian
Xom
Yredelemnul
Zin
Beogh

Shops:
D:5 !   D:10 [   Orc:2 *!*[   Snake:1 *   Snake:2 }}*

Annotations:
D:11 3 runed translucent doors, MalarOregon's ghost, journeyman MfIE


Innate Abilities, Weirdness & Mutations

You cannot wear boots.
Your serpentine skin is tough. (AC +5)
You have supernaturally acute eyesight. (SInv)
Armour fits poorly on your strangely shaped body.
Your system is resistant to poisons. (rPois)
You cover ground very slowly.
You have a slow metabolism.
You can spit poison.
You can use your snake-like lower body to constrict enemies.


Message History

You slice the mana viper!!
Lightning courses through the mana viper!
You kill the mana viper!
Cheibriados thoroughly appreciates the change of pace.
You hit the shock serpent. You slice the black mamba!!
Lightning courses through the black mamba!
You closely miss the mana viper. You block the mana viper's attack.
The black mamba bites you.
You take 5 damage, and have 145/154 hp.
Danger x4: mana viper, anaconda, shock serpent x2!
You hit the black mamba but do no damage.
Your grab misses the black mamba.
The black mamba is severely wounded.
You hit the anaconda. Lightning courses through the anaconda!
You slash the mana viper! The black mamba completely misses you.
The mana viper bites you but does no damage.
You block the anaconda's attack. The anaconda bites you!
You take 8 damage, and have 137/154 hp.
Danger x4: mana viper, anaconda, shock serpent x2!
You closely miss the black mamba. You grab the black mamba.
The black mamba is severely wounded.
You completely miss the anaconda. You slash the black mamba!
You hit the mana viper but do no damage.
Lightning courses through the mana viper!
You constrict the black mamba. You block the black mamba's attack.
The black mamba bites you but does no damage.
The mana viper bites you but does no damage.
Danger x4: mana viper, anaconda, shock serpent x2!
You hit the black mamba but do no damage.
The black mamba is almost dead.
You slice the mana viper!! You miss the anaconda.
You closely miss the black mamba. You constrict the black mamba.
A black mamba comes into view.
You block the black mamba's attack. The mana viper bites you!
You feel your power leaking away. The black mamba barely misses you.
The anaconda barely misses you. x2
You take 7 damage, and have 130/154 hp.
You now have 18/26 mp.
Danger x4: mana viper, anaconda, shock serpent x2!
You slash the black mamba!
Lightning courses through the black mamba!
You kill the black mamba!
Cheibriados thoroughly appreciates the change of pace.
You hit the mana viper but do no damage.
Lightning courses through the mana viper!
You kill the mana viper!
Cheibriados thoroughly appreciates the change of pace.
You hit the shock serpent. You slash the anaconda!
You barely miss the shock serpent. You block the shock serpent's attack.
You block the anaconda's attack.
The anaconda bites you but does no damage.
Warning x3: The anaconda is very fast and can constrict you!
The shock serpent is fast, casts Bolt of Lightning, does electric damage, and causes electric damage when injured!
You are not wearing rElec! x2
You miss the anaconda. Your grab misses the anaconda.
The anaconda is moderately wounded.
You closely miss the shock serpent. x2; You block the anaconda's attack. x2
The shock serpent bites you. The shock serpent shocks you!
You take 14 damage, and have 117/154 hp.
Warning x3: The anaconda is very fast and can constrict you!
The shock serpent is fast, casts Bolt of Lightning, does electric damage, and causes electric damage when injured!
You are not wearing rElec! x2
You miss the anaconda. You grab the anaconda.
The anaconda is moderately wounded.
You closely miss the shock serpent. x2; You constrict the anaconda.
The shock serpent shoots out a bolt of lightning at you!
The bolt of electricity hits you!! x2
The bolt of electricity hits the shock serpent.
The shock serpent completely resists.
The anaconda grabs you. You block the anaconda's attack.
The anaconda constricts you.
The shock serpent bites you but does no damage.
You block the black mamba's attack.
You take 47 damage, and have 70/154 hp.
MASSIVE DAMAGE!!
Warning x3: The anaconda is very fast and can constrict you!
The shock serpent is fast, casts Bolt of Lightning, does electric damage, and causes electric damage when injured!
You are not wearing rElec! x2
You are too injured to fight recklessly!
Warning x3: The anaconda is very fast and can constrict you!
The shock serpent is fast, casts Bolt of Lightning, does electric damage, and causes electric damage when injured!
You are not wearing rElec! x2
You are too injured to fight recklessly!
Warning x3: The anaconda is very fast and can constrict you!
The shock serpent is fast, casts Bolt of Lightning, does electric damage, and causes electric damage when injured!
You are not wearing rElec! x2
You are too injured to fight recklessly!
Warning x3: The anaconda is very fast and can constrict you!
The shock serpent is fast, casts Bolt of Lightning, does electric damage, and causes electric damage when injured!
You are not wearing rElec! x2
You are too injured to fight recklessly!
Warning x3: The anaconda is very fast and can constrict you!
The shock serpent is fast, casts Bolt of Lightning, does electric damage, and causes electric damage when injured!
You are not wearing rElec! x2
You are too injured to fight recklessly!
Warning x3: The anaconda is very fast and can constrict you!
The shock serpent is fast, casts Bolt of Lightning, does electric damage, and causes electric damage when injured!
You are not wearing rElec! x2
The anaconda's grasp on you weakens, but your attempt to escape fails.
You constrict the anaconda! You block the anaconda's attack.
The anaconda constricts you.
The shock serpent shoots out a bolt of lightning at you!
The bolt of electricity hits you!! x2
* * * LOW HITPOINT WARNING * * *
The bolt of electricity hits the shock serpent.
The shock serpent completely resists.
The shock serpent bites you!
* * * LOW HITPOINT WARNING * * *
The shock serpent shocks you!
* * * LOW HITPOINT WARNING * * *
The black mamba bites you.
* * * LOW HITPOINT WARNING * * *
You block the anaconda's attack.
* * * LOW HITPOINT WARNING * * *
The anaconda constricts you.
The shock serpent bites you but does no damage.
The shock serpent bites you.
* * * LOW HITPOINT WARNING * * *
The shock serpent shocks you!
You die...

.##.#..### ##... .##.#.(..## ...#
#$... .#..#.##.^## ...# [... #
##..#.###..###..# .#.#.#
#...#........#..##..#.|.
##.#########.#..#...##.#
....#.######....#.S..##.
∩.∩.......####.†#SS#....
....#.###.# #..@S......
##.####.#.# #..SS....##
#...###...# #......####
##..#..#..###........
#..##.#.<.......#####
##.##...####.##.....#### #.#
#.#..#.##....#####....# #.#
#.#.##........>....)....###.#####
#.....#÷......########..........#


You could see an anaconda, 2 shock serpents, 2 black mambas and a water
moccasin.

Vanquished Creatures
  Gastronok (Lair:1)
  Agnes (Snake:1)
  2 orc warlords (Orc:1)
  The ghost of melvinkitnick the Imperceptible, an adept SpEn of Ashenzari (Snake:1)
  2 entropy weavers (Lair:4)
  The ghost of Calas the Blocker, a journeyman GrFi of Trog (Orc:2)
  8 vault guards (D:13)
  4 ogre magi (Orc:2)
  5 naga warriors
  Erica (Lair:2)
  8 hydras
  5 anacondas
  The ghost of Inarius the Unseen, a journeyman FeBe of Trog (Orc:2)
  A death knight (D:14)
  2 centaur warriors
  A queen ant (Lair:4)
  18 two-headed ogres
  4 naga sharpshooters (Snake:1)
  4 shock serpents
  3 skeletal warriors
  A storm dragon skeleton (D:15)
  A flayed ghost (D:15)
  2 unseen horrors
  3 naga ritualists (Snake:1)
  Pikel (D:7)
  A sphinx zombie (D:15)
  A necromancer (D:15)
  A wolf spider (Lair:6)
  8 mana vipers
  A cyclops (D:14)
  14 ugly things
  An orc knight (Orc:2)
  4 manticores
  2 orc sorcerers (Orc:1)
  A stone giant zombie (D:15)
  3 salamanders
  29 black mambas
  11 elephants
  4 guardian serpents
  4 naga magi
  13 spiny frogs
  A gargoyle (D:10)
  Psyche (D:9)
  2 efreet
  3 komodo dragons
  2 kobold demonologists
  A freezing wraith (D:14)
  2 rime drakes (Lair:6)
  4 trolls
  9 polar bears (Lair:6)
  2 hornets (Lair:6)
  3 slime creatures (D:15)
  12 blink frogs
  An ice dragon zombie (D:15)
  7 hippogriffs
  A snapping turtle (Lair:2)
  6 dream sheep (Lair:2)
  4 redbacks (Lair:6)
  A shadow (D:15)
  13 wyverns
  2 wraiths (D:14)
  4 hogs (D:7)
  27 yaks
  6 basilisks
  A human (D:7)
  3 hungry ghosts
  A vampire (D:11)
  8 wargs
  An acid dragon (D:10)
  30 water moccasins
  22 nagas
  11 hell hounds (Lair:6)
  25 soldier ants (Lair:4)
  12 porcupines
  25 orc warriors
  3 ice beasts
  A sky beast (D:14)
  3 slaves (D:7)
  A necrophage (D:10)
  13 black bears
  A hornet zombie (D:8)
  An eye of draining (D:15)
  4 phantoms
  27 ogres
  15 wolves
  13 centaurs
  3 big kobolds
  Blork the orc (D:5)
  15 crocodiles
  18 bullfrogs
  3 wyvern zombies
  A gnoll sergeant (D:5)
  2 wyvern skeletons
  5 scorpions
  3 killer bees (D:8)
  8 wights
  4 howler monkeys
  6 crimson imps
  8 hounds
  2 jellies
  3 centaur zombies
  A bullfrog zombie (D:4)
  17 orc priests
  2 gnoll shamans (D:5)
  22 orc wizards
  2 bullfrog skeletons
  2 iguanas
  4 centaur skeletons
  22 worker ants
  Natasha (thrice) (D:2)
  A mummy (D:8)
  A worker ant zombie (D:8)
  15 gnolls (D:5)
  20 adders
  A river rat (Lair:1)
  4 shadow imps
  An ooze (D:3)
  5 adder zombies
  An adder skeleton (D:4)
  5 worms
  2 dart slugs (D:1)
  6 leopard geckos
  107 orcs
  5 bats
  7 giant cockroaches
  8 goblins
  6 hobgoblins
  9 jackals
  7 quokkas
  4 frilled lizards
  14 kobolds
  4 orc zombies (D:8)
  A quokka skeleton (D:3)
  5 rats
  3 plants
  A withered plant (D:15)
914 creatures vanquished.

Vanquished Creatures (collateral kills)
  An anaconda (Snake:1)
  2 yaks (D:12)
  4 hell hounds (Lair:6)
  2 ogres (Orc:2)
  4 wolves (Lair:6)
  4 orcs
17 creatures vanquished.

Vanquished Creatures (others)
  A slave (D:7)
  An orc priest (D:7)
  A leopard gecko skeleton (D:7)
  9 fungi
  16 plants
28 creatures vanquished.

Grand Total: 959 creatures vanquished

Notes
Turn   | Place    | Note
-------+----------+-------------------------------------------
     0 | D:1      | Mgcat the Naga Fighter began the quest for the Orb.
     0 | D:1      | Reached XP level 1. HP: 21/21 MP: 1/1
   189 | D:1      | Reached XP level 2. HP: 28/28 MP: 2/2
   926 | D:2      | Reached XP level 3. HP: 34/34 MP: 3/3
  1509 | D:2      | Noticed Natasha
  1519 | D:2      | HP: 7/34 [white imp/puff of frost[Natasha] (3)]
  1520 | D:2      | Killed Natasha
  1520 | D:2      | Reached XP level 4. HP: 8/42 MP: 4/4
  1594 | D:2      | Noticed Natasha
  1597 | D:2      | Killed Natasha
  1597 | D:2      | Reached skill level 3 in Armour
  1597 | D:2      | Reached skill level 3 in Shields
  1944 | D:2      | Noticed Natasha
  1953 | D:2      | Killed Natasha
  1953 | D:2      | Reached skill level 3 in Axes
  1953 | D:2      | Reached XP level 5. HP: 42/50 MP: 5/5
  2448 | D:3      | Reached skill level 4 in Fighting
  2658 | D:3      | Found a blossoming altar of Fedhas.
  3212 | D:4      | Noticed an ogre
  3218 | D:3      | Killed an ogre
  3218 | D:3      | Reached XP level 6. HP: 29/57 MP: 6/6
  3650 | D:4      | Reached skill level 4 in Axes
  3650 | D:4      | Reached XP level 7. HP: 66/66 MP: 7/7
  3670 | D:4      | Found a shattered altar of Ashenzari.
  3678 | D:4      | Found a radiant altar of Vehumet.
  3681 | D:4      | Found a glowing silver altar of Zin.
  3684 | D:4      | Found an iron altar of Okawaru.
  3736 | D:4      | Reached skill level 4 in Armour
  3771 | D:4      | Reached skill level 4 in Shields
  3978 | D:5      | Entered Level 5 of the Dungeon
  4108 | D:5      | Noticed Blork the orc
  4121 | D:5      | Killed Blork the orc
  4121 | D:5      | Reached skill level 5 in Fighting
  4130 | D:5      | Found an opulent altar of Gozag.
  4176 | D:5      | Found a staircase to the Ecumenical Temple.
  4183 | Temple   | Entered the Ecumenical Temple
  4239 | Temple   | Became a worshipper of Cheibriados the Contemplative
  4315 | D:5      | Reached XP level 8. HP: 63/74 MP: 8/8
  4322 | D:5      | Reached skill level 1 in Invocations
  4643 | D:5      | Reached * piety under Cheibriados
  4643 | D:5      | Reached skill level 5 in Axes
  4678 | D:5      | Found Saadd's Distillery.
  4902 | D:5      | Reached skill level 2 in Invocations
  5809 | D:6      | Reached ** piety under Cheibriados
  5809 | D:6      | Reached skill level 5 in Armour
  5829 | D:6      | Reached skill level 5 in Shields
  5829 | D:6      | Reached skill level 3 in Invocations
  6006 | D:6      | You fall through a shaft!
  6007 | D:7      | Reached skill level 6 in Axes
  6007 | D:7      | Reached skill level 4 in Invocations
  6064 | D:7      | Noticed Pikel
  6092 | D:7      | Killed Pikel
  6092 | D:7      | Reached skill level 5 in Invocations
  6092 | D:7      | Reached XP level 9. HP: 62/81 MP: 12/12
  6178 | D:7      | Reached skill level 7 in Axes
  6572 | D:7      | Reached skill level 6 in Invocations
  6648 | D:7      | Reached *** piety under Cheibriados
  6657 | D:7      | Reached skill level 8 in Axes
  6657 | D:7      | Reached skill level 7 in Invocations
  7158 | D:6      | Found a shimmering altar of Xom.
  7587 | D:8      | Reached XP level 10. HP: 88/88 MP: 15/15
  7976 | D:8      | Reached skill level 8 in Invocations
  8093 | D:8      | Reached **** piety under Cheibriados
  8162 | D:8      | Reached skill level 9 in Axes
  8422 | D:9      | Noticed Psyche
  8431 | D:9      | Killed Psyche
  8448 | D:9      | Noticed a two-headed ogre
  8453 | D:9      | Killed a two-headed ogre
  8453 | D:9      | Reached skill level 9 in Invocations
  8455 | D:9      | Found the +9 sword of Zonguldrok {reap}
  8485 | D:9      | Found an iron altar of Okawaru.
  8986 | D:9      | Reached skill level 1 in Evocations
  9000 | D:9      | Found a roughly hewn altar of Beogh.
  9140 | D:10     | Entered Level 10 of the Dungeon
  9240 | D:10     | Reached skill level 2 in Evocations
  9257 | D:10     | Reached ***** piety under Cheibriados
  9257 | D:10     | Reached skill level 10 in Axes
  9282 | D:10     | Reached skill level 3 in Evocations
  9311 | D:10     | Reached XP level 11. HP: 81/94 MP: 18/18
  9462 | D:10     | Reached skill level 10 in Invocations
  9503 | D:10     | Found Qystryuma's Specialty Armours.
  9682 | D:10     | Noticed an unseen horror
  9694 | D:10     | Killed an unseen horror
  9694 | D:10     | Reached skill level 4 in Evocations
  9803 | D:10     | Reached skill level 5 in Evocations
  9805 | D:10     | Reached skill level 11 in Axes
 10013 | D:11     | Noticed a manticore
 10022 | D:11     | Killed a manticore
 10226 | D:11     | Noticed a purple ugly thing
 10226 | D:11     | Noticed a cyan ugly thing
 10228 | D:11     | Killed a purple ugly thing
 10232 | D:11     | Killed a cyan ugly thing
 10232 | D:11     | Reached skill level 12 in Axes
 10704 | D:11     | Found a runed translucent gate.
 10704 | D:11     | Found a runed translucent gate.
 10704 | D:11     | Found a runed translucent gate.
 10728 | D:11     | Found a staircase to the Lair.
 11252 | D:11     | Noticed MalarOregon's ghost (journeyman MfIE)
 11270 | Lair:1   | Entered Level 1 of the Lair of Beasts
 11473 | Lair:1   | Reached skill level 13 in Axes
 11473 | Lair:1   | Reached XP level 12. HP: 78/103 MP: 13/19
 12169 | Lair:1   | Noticed Gastronok
 12182 | Lair:1   | Killed Gastronok
 12182 | Lair:1   | Reached skill level 14 in Axes
 12596 | Lair:2   | Reached skill level 1 in Maces & Flails
 12609 | Lair:2   | Reached skill level 1 in Dodging
 12872 | Lair:2   | Reached skill level 2 in Maces & Flails
 12974 | Lair:2   | Learned a level 4 spell: Summon Lightning Spire
 12998 | Lair:2   | Noticed a six-headed hydra
 13004 | Lair:2   | Killed a seven-headed hydra
 13061 | Lair:2   | Noticed Erica
 13073 | Lair:2   | Killed Erica
 13073 | Lair:2   | Reached skill level 1 in Summonings
 13073 | Lair:2   | Reached skill level 1 in Air Magic
 13082 | Lair:2   | Reached skill level 1 in Spellcasting
 13187 | Lair:2   | Reached skill level 2 in Dodging
 13553 | Lair:2   | Noticed a four-headed hydra
 13562 | Lair:2   | Killed a four-headed hydra
 13562 | Lair:2   | Gained mutation: You can use your snake-like lower body to
                  | constrict enemies. [Naga growth]
 13562 | Lair:2   | Reached XP level 13. HP: 96/110 MP: 15/20
 13622 | Lair:2   | Found a staircase to the Shoals.
 13965 | Lair:3   | Reached skill level 3 in Maces & Flails
 13965 | Lair:3   | Reached skill level 2 in Summonings
 14057 | Lair:3   | Reached skill level 2 in Spellcasting
 14057 | Lair:3   | Reached skill level 2 in Air Magic
 14480 | Lair:3   | Reached skill level 6 in Shields
 14994 | Lair:4   | Reached skill level 3 in Dodging
 14996 | Lair:4   | Noticed an entropy weaver
 14999 | Lair:4   | Noticed an entropy weaver
 15010 | Lair:4   | Killed an entropy weaver
 15010 | Lair:4   | Reached skill level 6 in Armour
 15010 | Lair:4   | Reached skill level 3 in Summonings
 15014 | Lair:4   | Killed an entropy weaver
 15014 | Lair:4   | Reached skill level 3 in Air Magic
 15027 | Lair:4   | HP: 37/165 [queen ant (10)]
 15033 | Lair:4   | Reached skill level 3 in Spellcasting
 15044 | Lair:4   | HP: 36/165 [soldier ant (8)]
 15050 | Lair:4   | HP: 34/165 [soldier ant (1)]
 15059 | Lair:4   | HP: 32/165 [porcupine's spines (7)]
 15064 | Lair:4   | HP: 25/165 [soldier ant (2)]
 15536 | Lair:4   | Found a staircase to the Snake Pit.
 15713 | Lair:4   | Reached skill level 4 in Summonings
 16126 | Lair:4   | Reached skill level 4 in Air Magic
 16453 | Lair:5   | Reached skill level 4 in Dodging
 16870 | Lair:5   | Reached skill level 4 in Spellcasting
 16870 | Lair:5   | Reached XP level 14. HP: 93/117 MP: 11/21
 17240 | Lair:6   | Entered Level 6 of the Lair of Beasts
 17274 | Lair:6   | Reached skill level 7 in Shields
 17494 | Lair:6   | Reached skill level 5 in Summonings
 17686 | Lair:6   | Reached skill level 5 in Air Magic
 17762 | Lair:6   | Reached skill level 7 in Armour
 18022 | Lair:6   | Found a staircase to the Slime Pits.
 18040 | Lair:6   | Reached skill level 15 in Axes
 18476 | Lair:6   | Reached skill level 5 in Spellcasting
 18480 | Lair:6   | Reached skill level 5 in Dodging
 19119 | Lair:6   | Reached ****** piety under Cheibriados
 19131 | Lair:6   | Reached skill level 8 in Shields
 19522 | D:12     | Reached skill level 8 in Armour
 19549 | D:12     | Reached XP level 15. HP: 115/123 MP: 18/22
 19659 | D:12     | You fall through a shaft for 2 floors!
 20070 | D:12     | Found a staircase to the Orcish Mines.
 20359 | Orc:1    | Entered Level 1 of the Orcish Mines
 20376 | Orc:1    | Noticed an orc warlord
 20384 | Orc:1    | Killed an orc warlord
 20603 | Orc:1    | Noticed an orc warlord
 20618 | Orc:1    | Killed an orc warlord
 20994 | Orc:2    | Entered Level 2 of the Orcish Mines
 21010 | Orc:2    | Reached skill level 9 in Shields
 21044 | Orc:2    | Found a staircase to the Elven Halls.
 21110 | Orc:2    | Reached skill level 9 in Armour
 21713 | Orc:2    | Found Waovewn's Assorted Antiques.
 21713 | Orc:2    | Found Yhofopox's General Store.
 21714 | Orc:2    | Found Hograwodgh's Antique Armour Boutique.
 21714 | Orc:2    | Found Asicimas's Distillery.
 21726 | Orc:2    | Reached skill level 10 in Shields
 21738 | Orc:2    | Bought a potion of heal wounds for 80 gold pieces
 21764 | Orc:2    | Found a runed translucent gate.
 21765 | Orc:2    | Found a runed translucent gate.
 21780 | Orc:2    | Found a runed translucent gate.
 21791 | Orc:2    | Noticed Inarius's ghost (journeyman FeBe)
 21791 | Orc:2    | Noticed Calas's ghost (journeyman GrFi)
 22043 | Orc:2    | Killed Inarius's ghost
 22043 | Orc:2    | Reached skill level 10 in Armour
 22044 | Orc:2    | HP: 28/123 [Calas's ghost (4)]
 22051 | Orc:2    | Killed Calas's ghost
 22565 | D:13     | Found a gate to the Vaults.
 22577 | D:13     | Reached skill level 16 in Axes
 22582 | D:13     | Reached XP level 16. HP: 119/133 MP: 23/23
 22587 | D:13     | Reached skill level 6 in Fighting
 23002 | D:14     | Found a shattered altar of Ashenzari.
 23345 | D:14     | Reached skill level 11 in Invocations
 23812 | D:15     | Entered Level 15 of the Dungeon
 23984 | D:15     | Found a staircase to the Depths.
 24000 | D:15     | Reached skill level 7 in Fighting
 24979 | Snake:1  | Entered Level 1 of the Snake Pit
 25100 | Snake:1  | Reached skill level 8 in Fighting
 25367 | Snake:1  | Found a runed translucent door.
 25384 | Snake:1  | Noticed Agnes
 25391 | Snake:1  | Killed Agnes
 25391 | Snake:1  | Reached skill level 12 in Invocations
 25452 | Snake:1  | You fall through a shaft!
 25481 | Snake:2  | Reached skill level 9 in Fighting
 25610 | Snake:2  | Got an ichor-stained ring mail
 25645 | Snake:1  | Identified the cursed +0 ring mail of the Doldrums {+Inv
                  | Str-2 Dex+4 Stlth+} (You found it on level 2 of the Snake
                  | Pit)
 25934 | Snake:1  | HP: 29/145 [something (9)]
 26329 | Snake:1  | Reached XP level 17. HP: 152/152 MP: 26/26
 26336 | Snake:1  | Reached skill level 10 in Fighting
 26370 | Snake:1  | Found Glemumy's Goods Gallery.
 26378 | Snake:1  | Bought +0 gold dragon scales for 1200 gold pieces
 26595 | Snake:1  | Noticed melvinkitnick's ghost (adept SpEn)
 26669 | Snake:1  | Killed melvinkitnick's ghost
 27538 | Snake:2  | Found Ydirhah's Assorted Antiques.
 27540 | Snake:2  | Found Wiw Likehu's Gadget Boutique.
 27542 | Snake:2  | Found Issonko's Gadget Shop.
 27670 | Snake:2  | HP: 32/154 [shock serpent/bolt of electricity (20)]
 27670 | Snake:2  | HP: 9/154 [shock serpent (12)]
 27670 | Snake:2  | Mangled by a shock serpent

Vault maps used:
D:1:      eino_arrival_druids_welcome, supply_closet_lemuel
D:2:      uniq_natasha
D:3:      fedhas_altar_2, serial_bayou, serial_bayou_shore_a,
          serial_bayou_shore_b, serial_bayou_pond_e, serial_bayou_pond_e,
          serial_bayou_pond_b, serial_bayou_lake_a
D:4:      grunt_temple_overflow_cloverleaf
D:5:      lemuel_doored_altar, minmay_temple_entry_arrows, first_ration,
          serial_gnoll_camp, gnoll_camp_mini_loothouse, gnoll_camp_mini_basic,
          gnoll_camp_mini_shop, gnoll_camp_medium_02, uniq_blork_the_orc
D:6:      glass_columns_a, tgw_xom
D:7:      grunt_livestock, minmay_starry_boxes, uniq_pikel
D:8:      minmay_misc_feat_roman, minmay_mini_ossuary
D:9:      special_room, okawaru_gym_becter, uniq_psyche
D:10:     nicolae_barding_shop
D:11:     david_lair_generic, gammafunk_ghost_icy
D:12:     orc_0_dummy, nzn_random_ring
D:13:     minmay_skewed_foursquare, erik_vaults_2
D:14:     abandoned_shop, nicolae_ashenzari_panopticon
D:15:     gammafunk_depths_entry_grave, minmay_misc_feat_hallway
Temple:   compressed_dpeg_circular_temple
Lair:1:   cheibrodos_lair_caveside_slide, chequers_serial_rivers_micro_c,
          lemuel_fruit_tree, grunt_megastairs_1, infiniplex_staircase_pool,
          uniq_gastronok
Lair:2:   minmay_shoals_entry_hut, minivault_23, uniq_erica
Lair:3:   beast_lair_carwin_4, grunt_megastairs_5, lemuel_fruit_fields,
          lemuel_fruit_fields
Lair:4:   minmay_snake_entry_six_corridors, minivault_29
Lair:6:   hangedman_lair_tendril_chambers, hangedman_lair_caniforms_friends,
          slime_dummy, serial_bayou_shore_b
Snake:1:  ebering_ghost_reflecting_pool, nicolae_alphabet_shops, uniq_agnes
Snake:2:  cheibrodos_forgotten_conduit, grunt_ministairs_5,
          nrook_guardian_serpent_double, minmay_shop_star
Orc:2:    st_orc_ogre_mass, gammafunk_ghost_cemetery

Skill      XL: |  1  2  3  4  5  6  7  8  9 10 11 12 13 14 15 16 17 |
---------------+----------------------------------------------------+-----
Armour         | 3 4 5 6 8 10 | 10.0
Shields        | 3 4 5 6 8 10 | 10.0
Axes           | 3 4 6 8 10 13 14 15 16 | 16.9
Fighting       | 4 5 9 10 | 10.5
Invocations    | 5 7 9 10 12 | 12.0
Evocations     | 3 5 |  5.0
Maces & Flails | 2 3 |  3.0
Dodging        | 2 4 5 |  5.0
Summonings     | 1 4 5 |  5.7
Air Magic      | 1 4 5 |  5.7
Spellcasting   | 1 4 5 |  5.6

Action                   |  1- 3 |  4- 6 |  7- 9 | 10-12 | 13-15 | 16-18 || total
-------------------------+-------+-------+-------+-------+-------+-------++-------
Melee: War axe           |   110 |   145 |   391 |   641 |   877 |   497 ||  2661
       Mace              |       |       |       |     5 |    38 |       ||    43
       Constrict         |       |       |       |       |   237 |   100 ||   337
       Broad axe         |       |       |       |       |   100 |       ||   100
 Cast: Summon Lightning  |       |       |       |       |    14 |     3 ||    17
Invok: Temporal Distorti |       |       |       |     4 |     3 |     5 ||    12
       Slouch            |       |       |       |     7 |    16 |     6 ||    29
 Abil: Spit Poison       |       |       |       |       |     1 |       ||     1
Evoke: Wand              |       |       |     2 |    11 |     7 |       ||    20
  Use: Potion            |       |     1 |       |     1 |     9 |       ||    11
       Scroll            |       |       |    19 |     8 |     4 |     3 ||    34
 Stab: Distracted        |       |       |       |       |     2 |       ||     2
  Eat: Chunk             |     1 |     6 |     9 |    17 |    25 |     7 ||    65
       Ration            |       |       |       |       |     1 |     2 ||     3
Armor: Scale mail        |    71 |   124 |   240 |   388 |    57 |       ||   880
       Skin              |       |       |       |    12 |    38 |       ||    50
       Chain mail        |       |       |       |       |   345 |   114 ||   459
       Gold dragon scale |       |       |       |       |       |    56 ||    56
Dodge: Dodged            |    37 |    17 |    71 |   110 |   374 |   203 ||   812
Block: Shield            |    67 |    93 |   244 |   431 |   744 |   323 ||  1902

Table legend:
 A = Non-vault XP
 B = Vault XP
 C = Vault XP percentage of total XP
 D = Non-vault monster count
 E = Vault monster count
 F = Vault count percentage of total count
                 A         B        C        D         E       F
            +---------+---------+-------+---------+---------+-------
      Total |  117297 |   81010 |  40.9 |     616 |     308 |  33.3
            +---------+---------+-------+---------+---------+-------
        D:1 |      22 |       0 |   0.0 |      10 |       0 |   0.0
        D:2 |     110 |      35 |  24.1 |      20 |       1 |   4.8
        D:3 |     241 |      19 |   7.3 |      29 |       5 |  14.7
        D:4 |     393 |       0 |   0.0 |      15 |       0 |   0.0
        D:5 |     159 |     569 |  78.2 |      10 |      24 |  70.6
        D:6 |     692 |      12 |   1.7 |      20 |       4 |  16.7
        D:7 |     487 |    1654 |  77.3 |      15 |       8 |  34.8
        D:8 |     983 |      22 |   2.2 |      23 |       5 |  17.9
        D:9 |    1397 |     649 |  31.7 |      12 |      25 |  67.6
       D:10 |    5190 |     112 |   2.1 |      51 |       1 |   1.9
       D:11 |    3924 |     838 |  17.6 |      21 |       4 |  16.0
       D:12 |    5700 |       0 |   0.0 |      44 |       0 |   0.0
       D:13 |    3714 |    8860 |  70.5 |      24 |      12 |  33.3
       D:14 |    4837 |       0 |   0.0 |      26 |       0 |   0.0
       D:15 |    9681 |    5075 |  34.4 |      24 |       8 |  25.0
     Lair:1 |    2646 |    2453 |  48.1 |      11 |       3 |  21.4
     Lair:2 |    8966 |    1214 |  11.9 |      29 |       2 |   6.5
     Lair:3 |    2742 |    1700 |  38.3 |      14 |       8 |  36.4
     Lair:4 |    5359 |    9334 |  63.5 |      23 |      57 |  71.2
     Lair:5 |    3387 |       0 |   0.0 |       9 |       0 |   0.0
     Lair:6 |   10000 |   19478 |  66.1 |      34 |      90 |  72.6
    Snake:1 |   22650 |    3880 |  14.6 |      42 |       2 |   4.5
    Snake:2 |   13712 |    3566 |  20.6 |      32 |       7 |  17.9
      Orc:1 |    8197 |       0 |   0.0 |      55 |       0 |   0.0
      Orc:2 |    2108 |   21540 |  91.1 |      23 |      42 |  64.6
            +---------+---------+-------+---------+---------+-------

Vault maps used:
D:1:      eino_arrival_druids_welcome, supply_closet_lemuel
D:2:      uniq_natasha
D:3:      fedhas_altar_2, serial_bayou, serial_bayou_shore_a,
          serial_bayou_shore_b, serial_bayou_pond_e, serial_bayou_pond_e,
          serial_bayou_pond_b, serial_bayou_lake_a
D:4:      grunt_temple_overflow_cloverleaf
D:5:      lemuel_doored_altar, minmay_temple_entry_arrows, first_ration,
          serial_gnoll_camp, gnoll_camp_mini_loothouse, gnoll_camp_mini_basic,
          gnoll_camp_mini_shop, gnoll_camp_medium_02, uniq_blork_the_orc
D:6:      glass_columns_a, tgw_xom
D:7:      grunt_livestock, minmay_starry_boxes, uniq_pikel
D:8:      minmay_misc_feat_roman, minmay_mini_ossuary
D:9:      special_room, okawaru_gym_becter, uniq_psyche
D:10:     nicolae_barding_shop
D:11:     david_lair_generic, gammafunk_ghost_icy
D:12:     orc_0_dummy, nzn_random_ring
D:13:     minmay_skewed_foursquare, erik_vaults_2
D:14:     abandoned_shop, nicolae_ashenzari_panopticon
D:15:     gammafunk_depths_entry_grave, minmay_misc_feat_hallway
Temple:   compressed_dpeg_circular_temple
Lair:1:   cheibrodos_lair_caveside_slide, chequers_serial_rivers_micro_c,
          lemuel_fruit_tree, grunt_megastairs_1, infiniplex_staircase_pool,
          uniq_gastronok
Lair:2:   minmay_shoals_entry_hut, minivault_23, uniq_erica
Lair:3:   beast_lair_carwin_4, grunt_megastairs_5, lemuel_fruit_fields,
          lemuel_fruit_fields
Lair:4:   minmay_snake_entry_six_corridors, minivault_29
Lair:6:   hangedman_lair_tendril_chambers, hangedman_lair_caniforms_friends,
          slime_dummy, serial_bayou_shore_b
Snake:1:  ebering_ghost_reflecting_pool, nicolae_alphabet_shops, uniq_agnes
Snake:2:  cheibrodos_forgotten_conduit, grunt_ministairs_5,
          nrook_guardian_serpent_double, minmay_shop_star
Orc:2:    st_orc_ogre_mass, gammafunk_ghost_cemetery

Table legend:
 A = Turns spent in this place as a percentage of turns spent in the entire game.
 B = Non-inter-level travel turns spent in this place as a percentage of non-inter-level travel turns spent in the entire game.
 C = Inter-level travel turns spent in this place as a percentage of turns spent in this place.
 D = Turns resting spent in this place as a percentage of non-inter-level travel turns spent in this place.
 E = Turns spent auto-exploring this place as a percentage of non-inter-level travel turns spent in this place.
 F = Non-inter-level travel turns spent in this place divided by the number of levels of this place that you've seen.
                   A       B       C       D       E      F
               +-------+-------+-------+-------+-------+----------------------
         Total | 100.0 | 100.0 |   5.4 |  17.9 |  63.5 | 1007.2
       Dungeon |  53.2 |  52.3 |   7.1 |  11.7 |  69.8 | 912.7
        Temple |   0.2 |   0.2 |  13.4 |   0.0 |  91.4 |  58.0
          Lair |  29.6 |  30.0 |   3.9 |  19.4 |  62.4 | 1310.3
     Snake Pit |   9.7 |  10.1 |   1.7 |  39.7 |  40.9 | 1322.0
  Orcish Mines |   7.2 |   7.4 |   3.4 |  26.1 |  54.1 | 966.5
               +-------+-------+-------+-------+-------+----------------------

Table legend:
 A = Kills in this place as a percentage of kills in entire the game.
 B = Kills by you in this place as a percentage of kills by you in the entire game.
 C = Kills by friends in this place as a percentage of kills by friends in the entire game.
 D = Other kills in this place as a percentage of other kills in the entire game.
 E = Experience gained in this place as a percentage of experience gained in the entire game.
 F = Experience gained in this place divided by the number of levels of this place that you have seen.
                   A       B       C       D       E      F
               +-------+-------+-------+-------+-------+----------------------
         Total | 100.0 | 100.0 | 100.0 |   N/A | 100.0 | 7627.2
       Dungeon |  47.7 |  48.1 |  29.4 |   N/A |  27.9 | 3691.7
          Lair |  30.3 |  30.0 |  47.1 |   N/A |  33.9 | 11213.2
     Snake Pit |   9.0 |   9.0 |   5.9 |   N/A |  22.1 | 21904.0
  Orcish Mines |  13.0 |  12.9 |  17.6 |   N/A |  16.1 | 15922.5
               +-------+-------+-------+-------+-------+----------------------
